 Seeded DCSS version 0.28-a0-657-g71136c5590 (webtiles) character file.

Game seed: 20211014 (custom seed)

15 a11behringer the Skirmisher (level 2, -4/26 HPs)
             Began as a Draconian Berserker on Oct 14, 2021.
             Was a Follower of Trog.
             Killed by nerve-wracking pain
             ... invoked by Jessica
              (14 damage)
             ... on level 2 of the Dungeon.
             The game lasted 00:02:44 (1050 turns).

a11behringer the Skirmisher (Draconian Berserker)   Turns: 1050, Time: 00:02:45

Health: -4/26      AC:  4    Str: 19    XL:     2   Next: 34%
Magic:  2/2        EV: 12    Int:  7    God:    Trog [*.....]
Gold:   66         SH:  0    Dex: 10    Spells: 1/1 levels left

rFire   . . .      SeeInvis .   a - +0 falchion
rCold   . . .      Faith    .   (no shield)
rNeg    . . .      Spirit   .   (armour unavailable)
rPois   .          Reflect  .   (helmet restricted)
rElec   .          Harm     .   (no cloak)
rCorr   .          Rampage  .   (no gloves)
Will    .....                   (no boots)
Stlth   +.........              (no amulet)
HPRegen 0.08/turn               (no ring)
MPRegen 0.08/turn               (no ring)

@: no status effects
A: AC +4, unfitting armour, cold-blooded
a: Renounce Religion, Berserk


You were on level 2 of the Dungeon.
You worshipped Trog.
Trog was aware of your devotion.
You visited 1 branch of the dungeon, and saw 2 of its levels.

You collected 66 gold pieces.

Inventory:

Hand Weapons
 a - a +0 falchion (weapon)
Missiles
 c - 3 boomerangs (quivered)
Potions
 b - 2 potions of curing {unknown}
 e - a potion of mutation {unknown}


   Skills:
 + Level 3.5 Fighting
 * Level 3.4 Long Blades
 + Level 2.9 Dodging


You had one spell level left.
You didn't know any spells.
Your spell library was empty.

Dungeon Overview and Level Annotations

Branches:
Dungeon (2/15)

Altars:
Ru

Annotations:
D:2 Jessica


Innate Abilities, Weirdness & Mutations

Your plain brown scales are hard. (AC +4)
You cannot fit into any form of body armour.
You are cold-blooded and may be slowed by cold attacks.


Message History

The adder bites you.
You barely miss the adder.
The adder is heavily wounded.
The adder bites you.
You are poisoned.
The adder poisons you! The adder bites you.
You miss the adder.
The adder is heavily wounded.
* * * LOW HITPOINT WARNING * * *
You feel sick. The adder bites you but does no damage.
You slash the adder!
You kill the adder!
Trog accepts your kill.
* * * LOW HITPOINT WARNING * * *
You feel sick.
You have reached level 2!
You feel sick.
You feel sick.
You feel sick.
You are no longer poisoned.
Jessica the Apprentice Sorceress comes into view.
She is wielding a +0 dagger.
Jessica shouts!
Okay, then.
Jessica casts a spell at you. Pain shoots through your body!
Found a stone staircase leading up.
Jessica hits you but does no damage.
You slash Jessica!
Jessica is severely wounded.
Jessica hits you but does no damage.
You barely miss Jessica.
Jessica is severely wounded.
Jessica hits you with a +0 dagger!
You closely miss Jessica.
Jessica is severely wounded.
Jessica mumbles some strange words.
Jessica blinks!
Jessica gestures at you while chanting. Pain shoots through your body!
Ouch! That really hurt!
You die...

.......<...#.#######
##########.#..# ...#
#.##.# ##.# #.##.#
.. ####.##.####....
.............#
##...##..#####
#..####..####.### #.
##.@...<... #
###....... .......
@...... .......
#######


You could see Jessica.

Vanquished Creatures
  An adder (D:2)
  A bat (D:1)
  An endoplasm (D:2)
  A hobgoblin (D:1)
  A ball python (D:1)
  2 rats (D:1)
7 creatures vanquished.

Notes
Turn   | Place    | Note
-------+----------+-------------------------------------------
     0 | D:1      | a11behringer the Draconian Berserker began the quest for
                  | the Orb.
     0 | D:1      | Reached XP level 1. HP: 19/19 MP: 1/1
    48 | D:1      | Found a faded altar of an unknown god.
   698 | D:2      | Found a sacrificial altar of Ru.
   754 | D:2      | Reached XP level 2. HP: 6/26 MP: 2/2
  1043 | D:2      | Noticed Jessica
  1050 | D:2      | Killed from afar by Jessica

Illustrated notes

Levels and vault maps discovered:
D:1:      dpeg_arrival_windows_large_door, layout_loops_ring,
          shapermc_ecumenical_altar_totnotflames
D:2:      layout_rooms, basic_altar, uniq_terence, uniq_jessica

Action                   || total
-------------------------++-------
Melee: Falchion          ||    36
       Tailslap          ||     4
  Use: Scroll            ||     3
Armor: Skin              ||    12
Dodge: Dodged            ||    41

Table legend: (Time is in decaauts)
 A = Elapsed time spent in this place.
 B = Non-inter-level travel time spent in this place.
 C = Inter-level travel time spent in this place.
 D = Time resting spent in this place.
 E = Time spent auto-exploring this place.
 F = Levels seen in this place.
 G = Mean time per level.
                   A        B        C        D        E       F      G
               +--------+--------+--------+--------+--------+-----+--------+
         Total |   1055 |    973 |     82 |      0 |    862 |   2 |  527.5 |
       Dungeon |   1055 |    973 |     82 |      0 |    862 |   2 |  527.5 |
               +--------+--------+--------+--------+--------+-----+--------+

Top non-repeatable levels by time:
     D:1: 643 daAuts
     D:2: 412 daAuts
